 Dungeon Crawl Stone Soup version 0.30-a0-862-g1aabd4f9c5 (webtiles) character file.

Game seed: 7936386599228286070

1241 ProzacElf the Magician (level 8, -3/58 HPs)
             Began as a Djinni Hedge Wizard on Mar 9, 2023.
             Slain by a killer bee (4 damage)
             ... on level 7 of the Dungeon.
             The game lasted 00:18:46 (6916 turns).

ProzacElf the Magician (Djinni Hedge Wizard)        Turns: 6916, Time: 00:18:46

Health: -3/58      AC:  3    Str:  6 (9)  XL:     8   Next: 78%
Gold:   244        EV: 13    Int: 14 (17) God:
                   SH:  0    Dex: 12 (14)

rFire   + + .      SeeInvis .    b - +2 war axe (freeze)
rCold   x . .      Faith    .    (no shield)
rNeg    . . .      Spirit   .    m - +0 robe
rPois   ∞          Reflect  .    c - +0 hat
rElec   .          Rampage  .    (no cloak)
rCorr   .                        q - +0 pair of gloves
Will    .....                    (boots unavailable)
Stlth   ++                       (no amulet)
HPRegen 0.29/turn                (no ring)
MPRegen 0.00/turn                (no ring)

@: flying, hasted, very quick
A: sickness immunity, fire resistance 2, cold vulnerability 1, float, innate
caster, HP casting, extra vitality 1
a: no special abilities


You were on level 7 of the Dungeon.
You visited 1 branch of the dungeon, and saw 7 of its levels.
You also visited: Sewer.

You collected 244 gold pieces.

Inventory:

Hand Weapons
 a - a +0 dagger of draining
 b - a +2 war axe of freezing (weapon)
 e - a +0 dagger
 h - a +0 sling
 o - a +0 short sword
 x - a +0 falchion
 B - a +1 whip of draining
Missiles
 d - 88 stones
 f - 15 poisoned darts (quivered)
 p - 8 curare-tipped darts
 y - 8 boomerangs
 F - 2 throwing nets
Armour
 c - a +0 hat (worn)
 i - a +2 kite shield
 k - a +0 leather armour
 m - a +0 robe (worn)
 q - a +0 pair of gloves (worn)
Wands
 z - a wand of roots (7)
Scrolls
 g - a scroll of brand weapon
 l - 2 scrolls of blinking
 s - a scroll of fog {unknown}
 w - a scroll of poison {unknown}
 A - a scroll of magic mapping {unknown}
 C - a scroll of noise {unknown}
 D - a scroll of identify
 G - a scroll of silence {unknown}
Potions
 j - 2 potions of haste
 n - 4 potions of curing
 r - a potion of mutation
 t - 2 potions of degeneration
 u - 2 potions of resistance
 v - a potion of brilliance
 E - a potion of attraction


   Skills:
 + Level 4.6 Fighting
 - Level 5.0 Dodging
 - Level 2.0 Stealth
 + Level 6.2 Spellcasting


You knew the following spells:

 Your Spells              Type           Power      Damage    Failure   Level
a - Magic Dart            Conj           84%        1d7       1%          1
b - Call Imp              Summ           21%        N/A       1%          2
c - Poisonous Vapours     Pois/Air       42%        N/A       1%          2
d - Mephitic Cloud        Conj/Pois/Air  21%        N/A       3%          3
e - Frozen Ramparts       Ice            42%        1d7       3%          3
o - Blink                 Tloc           42%        N/A       1%          2
v - Sandblast             Erth           42%        2d11      1%          1
y - Slow                  Hex            84%        N/A       1%          1
Your spell library was empty.

Dungeon Overview and Level Annotations

Branches:
Dungeon (7/15)              Sewer (visited)
 Temple: D:4-7

Altars:
Cheibriados
Xom
Yredelemnul
Zin

Shops:
D:2 :   D:4 =

Annotations:
D:6 Prince Ribbit


Innate Abilities, Weirdness & Mutations

You are immune to sickness and miasma.
You are immune to poison.
Your flesh is very heat resistant. (rF++)
You are vulnerable to cold. (rC-)
You float through the air rather than walking.
You learn spells naturally, not from books.
Your magical power is your life essence.
You have superior vitality. (+4 MHP)


Message History

Tha killer bee closely misses ye. x3; Tha killer bee barely misses ye.
Tha killer bee closely misses ye.
Tha killer bee stin's ye!
Tha killer bee misses ye.
Tha killer bee stin's ye. x2
* * * LOW HITPOINT WARNIN'
* * * Ye take 17 damage, an' haf 13/58 hp.
MASSIVE DAMAGE!!
Okay, than.
Castin': Magic Dart (safe; 1% risk o' failure) Confirm wit' . or Enter, or press ? or * ta list all spells.
Ye blink.
* * * LOW HITPOINT WARNIN'
* * * Tha killer bee barely misses ye.
Ye take 2 damage, an' haf 11/58 hp.
It was a potion o' haste.
Ye feel yerself speed up.
Tha killer bee completely misses ye.
Tha killer bee misses ye.
Tha killer bee closely misses ye. x2; Tha killer bee stin's ye.
* * * LOW HITPOINT WARNIN'
* * * Tha killer bee misses ye.
Ye take 5 damage, an' haf 6/58 hp.
It was a potion o' degeneration.
Thar was somethin' very wrong wit tha liquid.
Ye feel weaken'd.
Ye feel dopey.
Ye feel clumsy.
Tha killer bee closely misses ye.
Tha killer bee barely misses ye.
Tha killer bee misses ye.
Tha killer bee closely misses ye.
Ye feel better.
Tha killer bee stin's ye!
* * * LOW HITPOINT WARNIN'
* * * Tha killer bee stin's ye but does nay damage.
Tha killer bee stin's ye.
* * * LOW HITPOINT WARNIN'
* * * Tha killer bee stin's ye but does nay damage.
Ye take 4 damage, an' haf 2/58 hp.
Ye hit tha killer bee.
Ye freeze tha killer bee.
Tha killer bee be moderately wounded.
Ye barely miss tha killer bee.
Ye hit tha killer bee.
Ye freeze tha killer bee.
Ye miss tha killer bee.
Ye feel st'ble enough ta blink again.
Tha killer bee barely misses ye. x2; Tha killer bee stin's ye.
* * * LOW HITPOINT WARNIN'
* * * Tha killer bee stin's ye but does nay damage.
Tha killer bee stin's ye.
Ye die...

#.# #.#
####.
#.###.....
###........#
#.[......#..
#..<...#...8
#........#
#.yyy.##...#
#..@y.# ..
####=.....#
########


You could see 4 killer bees.

Vanquished Creatures
  3 ogres
  3 kobold brigands (Sewer)
  2 scorpions
  A centaur zombie (D:3)
  A jelly (D:6)
  A gnoll bouda (D:6)
  An orc priest (D:5)
  2 hounds
  4 iguanas (D:5)
  3 orc wizards
  A hound zombie (D:3)
  9 adders
  7 gnolls
  A shadow imp (D:6)
  2 worms
  3 dart slugs
  22 orcs
  9 ball pythons
  2 bats
  7 endoplasms
  4 giant cockroaches
  6 hobgoblins
  4 jackals (D:4)
  14 kobolds
  2 quokkas
  5 frilled lizards
  7 goblins
  10 rats
136 creatures vanquished.

Vanquished Creatures (collateral kills)
  A worm (D:2)
  An orc (D:6)
  A rat (Sewer)
3 creatures vanquished.

Vanquished Creatures (others)
  A plant (D:2)
1 creature vanquished.

Grand Total: 140 creatures vanquished

Notes
Turn   | Place    | Note
-------+----------+-------------------------------------------
     0 | D:1      | ProzacElf the Djinni Hedge Wizard began the quest for the
                  | Orb.
     0 | D:1      | ProzacElf set off with the following spells memorised:
                  | Magic Dart, Slow, Blink, Call Imp, Mephitic Cloud.
     0 | D:1      | Reached XP level 1. HP: 15/15 MP: 0/0
   237 | D:1      | Reached XP level 2. HP: 11/21 MP: 0/0
   807 | D:1      | Reached XP level 3. HP: 13/25 MP: 0/0
   807 | D:1      | Learned a level 1 spell: Sandblast
  1262 | D:2      | Found a faded altar of an unknown god.
  1296 | D:2      | Reached skill level 3 in Spellcasting
  1296 | D:2      | Reached XP level 4. HP: 14/31 MP: 0/0
  1631 | D:2      | Found Wotzuh's Book Shop.
  2269 | D:3      | Found a glowing drain.
  2273 | Sewer    | Entered a sewer
  2277 | Sewer    | Noticed a kobold brigand
  2314 | Sewer    | Killed a kobold brigand
  2314 | Sewer    | HP: 2/46 [endoplasm (2)]
  2315 | Sewer    | Reached XP level 5. HP: 3/35 MP: 0/0
  2315 | Sewer    | Learned a level 2 spell: Poisonous Vapours
  2612 | Sewer    | Noticed a kobold brigand
  2612 | Sewer    | Noticed a kobold brigand
  2627 | Sewer    | Killed a kobold brigand
  2628 | Sewer    | Reached XP level 6. HP: 40/40 MP: 0/0
  2641 | Sewer    | Reached skill level 5 in Dodging
  2641 | Sewer    | Reached skill level 4 in Spellcasting
  3250 | D:3      | Found a basalt altar of Yredelemnul.
  3320 | D:3      | Reached XP level 7. HP: 28/45 MP: 0/0
  3320 | D:3      | Learned a level 3 spell: Frozen Ramparts
  3739 | D:3      | Found a snail-covered altar of Cheibriados.
  3739 | D:3      | Found a shimmering altar of Xom.
  4226 | D:4      | Reached skill level 5 in Spellcasting
  4413 | D:4      | Found Fosos's Jewellery Shop.
  4463 | D:4      | Reached skill level 1 in Fighting
  4789 | D:4      | Found a glowing silver altar of Zin.
  4843 | D:5      | Entered Level 5 of the Dungeon
  5126 | D:5      | Reached XP level 8. HP: 21/55 MP: 0/0
  6115 | D:6      | Reached skill level 6 in Spellcasting
  6140 | D:6      | Noticed Prince Ribbit
  6915 | D:7      | HP: 2/58 [killer bee (4)]
  6916 | D:7      | Slain by a killer bee

Illustrated notes

Levels and vault maps discovered:
D:1:      minmay_arrival_shattered_statue, layout_basic
D:2:      layout_basic, serial_forest, infiniplex_forest_clump_curved,
          infiniplex_forest_lined_4_way, infiniplex_forest_join,
          infiniplex_forest_straight_2, infiniplex_forest_straight_3,
          infiniplex_forest_end_2, serial_shops, nicolae_shop_stone,
          hellmonk_ecumenical_altar_pennies_from_heaven
D:3:      layout_basic, gammafunk_temple_overflow_claw,
          lemuel_zombie_altar_yredelemnul, gup_sewer_entry_bowl,
          nicolae_elevator_lobby_asterisk
D:4:      layout_loops_ring, zin_scriptorium, serial_shops,
          nicolae_shop_advertising_works [nicolae_subvault_shop_adworks]
D:5:      layout_rooms
D:6:      layout_loops_ring, uniq_prince_ribbit1
D:7:      layout_loops_cross, mainiacjoe_overflow_concentric_impassable,
          nicolae_overflow_crystal_walls, minmay_temple_entry_sparse_star,
          uniq_menkaure

Skill      XL: |  1  2  3  4  5  6  7  8 |
---------------+-------------------------+-----
Stealth        | 2 |  2.0
Dodging        | 3 4 5 |  5.0
Spellcasting   | 3 4 5 6 |  6.2
Fighting       | 2 4 |  4.6

Action                     |  1- 3 |  4- 6 |  7- 9 || total
---------------------------+-------+-------+-------++-------
  Melee: Short sword       |    31 |       |       ||    31
         Whip              |       |    63 |    29 ||    92
         Dagger            |       |    49 |    82 ||   131
         Punch             |       |       |     2 ||     2
         War axe           |       |       |    57 ||    57
   Cast: Magic Dart        |    53 |    59 |    76 ||   188
         Call Imp          |       |     5 |     2 ||     7
         Mephitic Cloud    |       |     2 |     9 ||    11
         Poisonous Vapours |       |     1 |     1 ||     2
         Blink             |       |       |     2 ||     2
    Use: Potion            |       |     4 |     3 ||     7
         Scroll            |       |     4 |     3 ||     7
   Stab: Sleeping          |       |     1 |     1 ||     2
         Confused          |       |     2 |     2 ||     4
 Armour: Robe              |     7 |    21 |    27 ||    55
  Dodge: Dodged            |    22 |    92 |   152 ||   266

Table legend: (Time is in decaauts)
 A = Elapsed time spent in this place.
 B = Non-inter-level travel time spent in this place.
 C = Inter-level travel time spent in this place.
 D = Time resting spent in this place.
 E = Time spent auto-exploring this place.
 F = Levels seen in this place.
 G = Mean time per level.
                   A        B        C        D        E       F      G
               +--------+--------+--------+--------+--------+-----+--------+
         Total |   6951 |   6776 |    175 |   2209 |   3194 |   8 |  868.9 |
       Dungeon |   6197 |   6022 |    175 |   1762 |   3048 |   7 |  885.3 |
         Sewer |    754 |    754 |      0 |    447 |    146 |   1 |  754.0 |
               +--------+--------+--------+--------+--------+-----+--------+

Top non-repeatable levels by time:
     D:3: 1207 daAuts
     D:4: 1084 daAuts
     D:2: 982 daAuts
     D:1: 978 daAuts
     D:6: 975 daAuts
     D:5: 955 daAuts
   Sewer: 754 daAuts
     D:7: 12 daAuts
